 Dungeon Crawl Stone Soup version 0.29.0-5-ge4962eb29e (webtiles) character file.

Game seed: 4052897220098581550

53 ProzacElf the Ducker (level 3, 0/31 HPs)
             Began as a Troll Hedge Wizard on Aug 29, 2022.
             Was a Follower of Uskayaw.
             Slain by a gnoll
             ... wielding a +0 whip
              (4 damage)
             ... on level 2 of the Dungeon.
             The game lasted 00:03:15 (799 turns).

ProzacElf the Ducker (Troll Hedge Wizard)            Turns: 799, Time: 00:03:15

Health: 0/31       AC:  4    Str: 16    XL:     3   Next: 62%
Magic:  2/5        EV: 10    Int: 10    God:    Uskayaw [*.....]
Gold:   144        SH:  0    Dex: 11    Spells: 5/6 levels left

rFire   . . .      SeeInvis .     - Unarmed
rCold   . . .      Faith    .   (no shield)
rNeg    . . .      Spirit   .   b - +0 robe
rPois   .          Reflect  .   c - +0 hat
rElec   .          Harm     .   (no cloak)
rCorr   .          Rampage  .   (gloves unavailable)
Will    .....                   (boots unavailable)
Stlth   +.........              (no amulet)
HPRegen 0.90/turn               (no ring)
MPRegen 0.09/turn               (no ring)

@: no status effects
A: large, unfitting armour, claws 3, regeneration 1, shaggy fur 1, tough skin 1,
weak 1
a: Renounce Religion, Stomp


You were on level 2 of the Dungeon.
You worshipped Uskayaw.
Uskayaw was noncommittal.
You visited 1 branch of the dungeon, and saw 2 of its levels.

You collected 144 gold pieces.

Inventory:

Hand Weapons
 e - a +0 dagger
Armour
 b - a +0 robe (worn)
 c - a +0 hat (worn)
Wands
 j - a wand of polymorph (6)
Scrolls
 h - 2 scrolls of teleportation {unknown}
Potions
 a - a potion of cancellation {unknown}
 d - a potion of magic
 f - 2 potions of mutation
 g - a potion of brilliance {unknown}
 i - a potion of heal wounds {unknown}


   Skills:
 + Level 2.5 Dodging
 - Level 1.0 Stealth
 + Level 2.2 Unarmed Combat
 - Level 2.0 Spellcasting
 - Level 0.6 Conjurations
 - Level 0.6 Summonings
 - Level 0.6 Translocations


You had 5 spell levels left.
You knew the following spells:

 Your Spells              Type           Power      Damage    Failure   Level
a - Magic Dart            Conj           8%         1d3       24%         1

Your spell library contained the following spells:

 Spells                   Type           Power      Damage    Failure   Level
 Slow                     Hex            4%         N/A       30%         1
 Blink                    Tloc           4%         N/A       36%         2
 Call Imp                 Summ           2%         N/A       36%         2
 Conjure Flame            Conj/Fire      1%         6-21      63%         3
 Mephitic Cloud           Conj/Pois/Air  1%         N/A       65%         3


Dungeon Overview and Level Annotations

Branches:
Dungeon (2/15)

Altars:
Uskayaw

Annotations:
D:2 Sigmund


Innate Abilities, Weirdness & Mutations

You are too large for most types of armour.
You have claws for hands.
Your natural rate of healing is unusually fast.
You are covered in fur. (AC +1)
You have tough skin. (AC +1)
You are weak. (Str -2)


Message History

Ye now haf 144 gold pieces (gain'd 12).
Sigmund be nearby!
Unknown command.
Found a hand axe.
Found a hand axe.
Ye see 'ere 3 stones.
Found a hand axe.
Found a hand axe.
A gnoll opens tha door.
Found tha +3 woodcutter's axe {vorpal}.
A gnoll sergeant comes inta view.
It be wieldin' a +0 spear.
Tha gnoll sergeant hits ye from afar wit' a +0 spear.
Tha gnoll hits ye wit' a +0 whip!
Thar be an op'n door, spatt'red wit' blood 'ere.
Ye take 13 damage, an' haf 18/31 hp.
MASSIVE DAMAGE!!
Ye scratch tha gnoll.
Tha gnoll be moderately wounded.
Tha gnoll sergeant hits ye from afar wit' a +0 spear!
* * * LOW HITPOINT WARNIN'
* * * Tha gnoll closely misses ye.
Ye take 9 damage, an' haf 9/31 hp.
MASSIVE DAMAGE!!
Ye be too injured ta fight recklessly!
Ye be too injured ta fight recklessly!
Ye be too injured ta fight recklessly!
Tha gnoll attacks as ye move away!
Tha gnoll hits ye wit' a +0 whip.
* * * LOW HITPOINT WARNIN'
* * * Ye take 4 damage, an' haf 5/31 hp.
Ye stomp wit tha beat, sendin' a shockwave through tha revellers around ye!
Tha gnoll be severely wounded.
Ye can nay longer stomp wit tha beat.
Tha gnoll sergeant barely misses ye.
Ye can now stomp wit tha beat.
Ye now haf 2/5 mp.
Tha gnoll hits ye wit' a +0 whip.
* * * LOW HITPOINT WARNIN'
* * * Ye take 3 damage, an' haf 3/31 hp.
Okay, than.
It was a potion o' mutation.
Ye feel 'stremely strange.
Ye feel weaker.
Tha gnoll sergeant closely misses ye.
Tha gnoll hits ye wit' a +0 whip.
Ye die...

♣♣♣♣♣♣ ♣...)♣♣
#####..♣♣♣ #...#....♣♣♣
##...#..♣..)♣♣### .
#.)..g.@......(.# ..
##...#g♣....♣♣#.# #..
#...#..).♣♣♣##.# #..
#####..♣♣♣###..######..
♣)...♣♣ ##.#.......)..
♣♣♣♣♣♣ ##.>......†....
##.#.#.###...#..
#..#.#.# ###..##
#..#<#.# ##...


You could see a gnoll sergeant and a gnoll.

Vanquished Creatures
  2 worms (D:2)
  5 ball pythons (D:1)
  3 endoplasms
  A giant cockroach (D:1)
  3 goblins (D:1)
  5 hobgoblins
  7 jackals (D:1)
  4 kobolds
  2 quokkas
  4 bats
  2 frilled lizards
38 creatures vanquished.

Notes
Turn   | Place    | Note
-------+----------+-------------------------------------------
     0 | D:1      | ProzacElf the Troll Hedge Wizard began the quest for the
                  | Orb.
     0 | D:1      | Reached XP level 1. HP: 16/16 MP: 2/2
    36 | D:1      | Reached skill level 1 in Unarmed Combat
    39 | D:1      | Reached XP level 2. HP: 24/24 MP: 4/4
   293 | D:1      | Reached XP level 3. HP: 29/31 MP: 5/5
   436 | D:1      | Found a faded altar of an unknown god.
   448 | D:1      | Prayed at the altar of an unknown god.
   448 | D:1      | Became a worshipper of Uskayaw the Reveller
   448 | D:1      | Reached * piety under Uskayaw
   611 | D:2      | Reached ** piety under Uskayaw
   630 | D:2      | Noticed Sigmund
   794 | D:2      | Found the +3 woodcutter's axe {vorpal}
   794 | D:2      | Noticed a gnoll sergeant
   799 | D:2      | Gained mutation: You are weak. (Str -2) [potion of
                  | mutation]
   799 | D:2      | Slain by a gnoll

Illustrated notes

Levels and vault maps discovered:
D:1:      scummos_arrival_simple_crosswalls, layout_rooms,
          dreamdust_ecumenical_altar_hidden_monk_grotto
D:2:      layout_basic, pf_guarded_unrand_woodcutter, uniq_sigmund, uniq_natasha

Skill      XL: |  1  2  3 |
---------------+----------+-----
Unarmed Combat | 1 2 |  2.2
Dodging        | 2 |  2.5
Stealth        | |  1.0
Spellcasting   | |  2.0
Conjurations   | |  0.6
Summonings     | |  0.6
Translocations | |  0.6

Action                   || total
-------------------------++-------
Melee: Unarmed           ||   113
       Punch             ||     1
Invok: Stomp             ||     1
  Use: Potion            ||     1
Armor: Robe              ||    51
Dodge: Dodged            ||    59
